 Dungeon Crawl Stone Soup version 0.32-a0-868-g153ae1a8d6 (webtiles) character file.

Game seed: 268376717860053626

136 jasper the Changeling (level 4, 0/31 HPs)
             Began as a Vampire Shapeshifter on Mar 28, 2024.
             Incinerated by a bombardier beetle (2 damage)
             ... with a burning spray
             ... on level 3 of the Dungeon.
             The game lasted 00:02:51 (1858 turns).

jasper the Changeling (Vampire Shapeshifter)        Turns: 1858, Time: 00:02:52

Health: 0/31       AC:  5    Str: 13    XL:     4   Next: 98%
Magic:  4/4        EV: 11    Int: 12    God:
Gold:   74         SH:  0    Dex: 15    Spells: 3/3 levels left

rFire   . . .        i - +1 short sword (venom)
rCold   . . .        (no shield)
rNeg    . . .        q - +2 leather armour {Will+}
rPois   .            (helmet currently unavailable)
rElec   .            (cloak currently unavailable)
rCorr   .            (gloves currently unavailable)
SInv    +            (boots currently unavailable)
Will    +....        (no amulet)
Stlth   +            (no ring)
HPRegen 0.45/turn    (no ring)
MPRegen 0.09/turn

%: no passive effects
@: on fire, beast-form, healing quickly, glowing
A: beast (slay +3), alive, fangs 3, see invisible, vampiric 2
a: Exsanguinate, Begin Untransformation


You were on level 3 of the Dungeon.
You were a hulking beast.
You visited 1 branch of the dungeon, and saw 3 of its levels.

You collected 74 gold pieces.

Inventory:

Hand Weapons
 i - a +1 short sword of venom (weapon)
Missiles
 g - 39 stones (quivered)
Armour
 a - a +0 animal skin
 j - a +0 scale mail
 q - a +2 leather armour of willpower (worn)
Talismans
 c - a beast talisman (active)
 d - a flux talisman
Wands
 e - a wand of polymorph (10)
Scrolls
 p - 3 scrolls of identify {unknown}
 r - 2 scrolls of vulnerability
 t - a scroll of enchant weapon {unknown}
 u - a scroll of acquirement {unknown}
 v - a scroll of poison {unknown}
Potions
 b - 2 potions of lignification
 f - a potion of haste {unknown}
 h - a potion of attraction {unknown}
 k - 3 potions of might {unknown}
 l - a potion of heal wounds {unknown}
 m - a potion of degeneration {unknown}
 n - a potion of resistance {unknown}
 o - 2 potions of curing {unknown}
 s - a potion of enlightenment {unknown}


   Skills:
 - Level 0.8 Fighting
 - Level 2.1 Dodging
 - Level 3.2 Unarmed Combat
 + Level 5.9 Shapeshifting


You had 3 spell levels left.
You didn't know any spells.
Your spell library contained the following spells:

 Spells                   Type           Power      Damage    Failure   Level
 Apportation              Tloc           0%         N/A       38%         1
 Necrotise                Necr           0%         1d4       38%         1
 Sting                    Conj/Alch      0%         1d3       38%         1
 Summon Small Mammal      Summ           0%         N/A       38%         1


Dungeon Overview and Level Annotations

Branches:
Dungeon (3/15)

Altars:


Innate Abilities, Weirdness & Mutations

You are a hulking beast.
Your limbs bulge with bestial killing power. (Slay +3)
Your natural rate of healing is accelerated.
You have razor-sharp teeth.
You have supernaturally acute eyesight. (SInv)
You are afflicted with vampirism and can become a bat while bloodless.


Message History

The burning spray hits you.
You are even more covered in liquid fire!
You take 3 damage, and have 23/31 hp.
You shake off some of the fire as you move.
The liquid fire burns you!
You take 3 damage, and have 20/31 hp.
You shake off some of the fire as you move.
The liquid fire burns you!
You take 4 damage, and have 16/31 hp.
You shake off some of the fire as you move.
The liquid fire burns you!
The bombardier beetle sprays incendiary fluid at you.
The burning spray hits you.
You are even more covered in liquid fire!
You take 2 damage, and have 14/31 hp.
You shake off some of the fire as you move.
The liquid fire burns you!
* * * LOW HITPOINT WARNING * * *
You take 4 damage, and have 10/31 hp.
You shake off some of the fire as you move.
The liquid fire burns you!
* * * LOW HITPOINT WARNING * * *
The bombardier beetle sprays incendiary fluid at you.
The burning spray hits you.
You are even more covered in liquid fire!
You take 3 damage, and have 7/31 hp.
You shake off some of the fire as you move.
The liquid fire burns you!
* * * LOW HITPOINT WARNING * * *
You take 2 damage, and have 5/31 hp.
You shake off some of the fire as you move.
The liquid fire burns you!
* * * LOW HITPOINT WARNING * * *
The bombardier beetle sprays incendiary fluid at you.
The burning spray hits you.
You are even more covered in liquid fire!
You take 3 damage, and have 2/31 hp.
You shake off some of the fire as you move.
The liquid fire burns you!
You die...

#.>...###.###.##
####.###.# ##.#.##
#....# #.# ##.##
#.##.###.# ##+#
#.##.....# ##...##
#.##########.....##
#.##.## ##.......#
#.#...####.........
#.h.B....+.........
#.#..†####.........
#.##.## #.......#
...### ##.....##
.### ##...## #.
##'## # #†# #.#
##.##


You could see a bombardier beetle.

Vanquished Creatures
  A hound (D:3)
  2 adders
  2 ufetubi (D:3)
  A ribbon worm (D:2)
  A dart slug (D:2)
  4 orcs (D:3)
  7 ball pythons
  4 bats
  5 endoplasms (D:1)
  A giant cockroach (D:1)
  A goblin (D:1)
  6 hobgoblins
  4 jackals (D:3)
  8 kobolds
  6 quokkas
  7 frilled lizards
  7 rats
67 creatures vanquished.

Notes
Turn   | Place    | Note
-------+----------+-------------------------------------------
     0 | D:1      | jasper the Vampire Shapeshifter began the quest for the
                  | Orb.
     0 | D:1      | Reached XP level 1. HP: 14/14 MP: 1/1
    79 | D:1      | Reached XP level 2. HP: 19/20 MP: 2/2
   124 | D:1      | Reached skill level 4 in Shapeshifting
   356 | D:1      | Gained mutation: You are afflicted with vampirism and can
                  | become a bat while bloodless. [Vampire growth]
   356 | D:1      | Reached XP level 3. HP: 20/25 MP: 3/3
  1057 | D:2      | Reached skill level 5 in Shapeshifting
  1290 | D:3      | Reached XP level 4. HP: 31/31 MP: 4/4
  1858 | D:3      | Incinerated by a bombardier beetle

Illustrated notes

Levels and vault maps discovered:
D:1:      heliophobic_arrival_dark_side_of_the_moon, layout_basic
D:2:      layout_rooms
D:3:      layout_loops_corners, nicolae_concentric_dashed_squares_wild

Skill      XL: |  1  2  3 |
---------------+----------+-----
Shapeshifting  | 4 5 |  5.9
Fighting       | |  0.8
Dodging        | |  2.1
Unarmed Combat | |  3.2

Action                     |  1- 3 |  4- 6 || total
---------------------------+-------+-------++-------
  Melee: Unarmed           |    21 |       ||    21
         Short sword       |    72 |    50 ||   122
         Bite              |     9 |     7 ||    16
         Punch             |     1 |       ||     1
    Use: Scroll            |     2 |       ||     2
   Stab: Sleeping          |     5 |     1 ||     6
 Armour: Animal skin       |    36 |       ||    36
         Leather armour    |     4 |    30 ||    34
  Dodge: Dodged            |    55 |    47 ||   102

Table legend: (Time is in decaauts)
 A = Elapsed time spent in this place.
 B = Non-inter-level travel time spent in this place.
 C = Inter-level travel time spent in this place.
 D = Time resting spent in this place.
 E = Time spent auto-exploring this place.
 F = Levels seen in this place.
 G = Mean time per level.
                   A        B        C        D        E       F      G
               +--------+--------+--------+--------+--------+-----+--------+
         Total |   1855 |   1822 |     33 |     51 |   1283 |   3 |  618.3 |
       Dungeon |   1855 |   1822 |     33 |     51 |   1283 |   3 |  618.3 |
               +--------+--------+--------+--------+--------+-----+--------+

Top non-repeatable levels by time:
     D:1: 808 daAuts
     D:3: 574 daAuts
     D:2: 471 daAuts
